 Dungeon Crawl Stone Soup version 0.17.1-1-g73c8601 (console) character file.

82 Kloppie the Insei (level 4, -11/24 HPs)
             Began as a Vine Stalker Monk on Dec 28, 2015.
             Mangled by Crazy Yiuf
             ... wielding a +3 quarterstaff of chaos
              (23 damage)
             ... on level 2 of the Dungeon.
             The game lasted 00:02:25 (1215 turns).

Kloppie the Insei (Vine Stalker Monk)               Turns: 1215, Time: 00:02:25

Health: -11/24     AC:  6    Str: 15    XL:     4   Next: 43%
Magic:  0/5        EV: 10    Int: 10    God:
Gold:   136        SH:  0    Dex: 16    Spells: 0 memorised, 3 levels left

rFire  . . .     SeeInvis .       - Unarmed
rCold  . . .     Clarity  .     j - +0 scale mail
rNeg   . . .     SustAt   .     (no shield)
rPois  .         Gourm    .     (no helmet)
rElec  .         Spirit   +     (no cloak)
rCorr  .         Warding  .     (no gloves)
rMut   .         Stasis   .     (no boots)
MR     .....                    (no amulet)
Stlth  +.........               (no ring)
                                (no ring)

@: not resistant to hostile enchantments, very unstealthy
A: fangs 2, regeneration 1, magic shield, antimagic bite, no device heal 3, rot
immunity
a: no special abilities


You were on level 2 of the Dungeon.
You were not hungry.

You visited 1 branch of the dungeon, and saw 2 of its levels.

You collected 136 gold pieces.

Inventory:

Armour
 a - a +0 robe
 j - a +0 scale mail (worn)
Jewellery
 h - a +4 ring of strength {unknown}
Scrolls
 c - 3 scrolls of remove curse {unknown}
 d - 2 scrolls of amnesia {unknown}
 f - 4 scrolls of identify {unknown}
 g - a scroll of teleportation {unknown}
 k - a scroll of fog {unknown}
Potions
 e - 2 potions of resistance {unknown}
 n - a potion of curing {unknown}
Comestibles
 b - 3 bread rations
 i - 2 fruits
 l - a chunk of flesh
 m - 2 meat rations


   Skills:
 + Level 3.3 Fighting
 + Level 1.2 Armour
 - Level 2.5 Dodging
 - Level 2.4 Stealth
 + Level 4.8 Unarmed Combat


You had 3 spell levels left.
You didn't know any spells.

Dungeon Overview and Level Annotations

Branches:
Dungeon (2/15)

Altars:
Gozag
Okawaru
Qazlal
Ru

Annotations:
D:2 Crazy Yiuf


Innate Abilities, Weirdness & Mutations

You have extremely sharp teeth.
Your natural rate of healing is unusually fast.
When hurt, damage is shared between your health and your magic reserves.
Your bite disrupts and absorbs the magic of your enemies.
Potions and wands cannot restore your health.
You are immune to rotting.


Message History

Crazy Yiuf shouts!
You hit Crazy Yiuf but do no damage. You bite Crazy Yiuf, but do no damage.
Crazy Yiuf drinks a potion.
Crazy Yiuf seems to grow stronger.
You hit Crazy Yiuf but do no damage. Your bite misses Crazy Yiuf.
Crazy Yiuf hits you with a quarterstaff of chaos.
You punch Crazy Yiuf! Your bite misses Crazy Yiuf.
Crazy Yiuf is moderately wounded.
You hit Crazy Yiuf but do no damage. You bite Crazy Yiuf, but do no damage.
Crazy Yiuf is moderately wounded.
Crazy Yiuf hits you with a quarterstaff of chaos!
* * * LOW HITPOINT WARNING * * *
You are too injured to fight recklessly!
You are too injured to fight recklessly!
You are too injured to fight recklessly!
You completely miss Crazy Yiuf. Your bite misses Crazy Yiuf.
Crazy Yiuf is moderately wounded.
Crazy Yiuf says, "Liver!
Citrus illywillydillykilly verde."
Crazy Yiuf hits you with a quarterstaff of chaos!!
Ouch! That really hurt!
You die...

#.######...........#
##.. #†#
##......#.### ###..#
#.# ##########
#...## #.# ##.###
#.# ###..# #.#####
### #...#####
#..#..## ##..)#
##### #..
#.....P####g....#
#.. ##......#.@# #..
###...#.### #..
####### ###


You could see Crazy Yiuf.

Vanquished Creatures
  Terence (D:2)
  3 adders (D:2)
  A worm (D:2)
  A giant gecko (D:1)
  2 giant cockroaches
  2 goblins (D:1)
  5 hobgoblins (D:2)
  5 bats
  A giant newt (D:1)
  5 kobolds
  2 rats (D:1)
28 creatures vanquished.

Notes
Turn   | Place    | Note
--------------------------------------------------------------
     0 | D:1      | Kloppie the Vine Stalker Monk began the quest for the Orb.
     0 | D:1      | Reached XP level 1. HP: 11/11 MP: 2/2
   165 | D:1      | Reached XP level 2. HP: 16/16 MP: 3/3
   627 | D:2      | Found a sacrificial altar of Ru.
   627 | D:2      | Found a stormy altar of Qazlal.
   664 | D:2      | Noticed Terence
   683 | D:2      | Killed Terence
   683 | D:2      | Reached XP level 3. HP: 17/20 MP: 1/4
   698 | D:2      | Found an iron altar of Okawaru.
   825 | D:2      | Reached skill level 1 in Armour
   826 | D:2      | Found an opulent altar of Gozag.
   947 | D:2      | Reached XP level 4. HP: 16/24 MP: 5/5
  1207 | D:2      | Noticed Crazy Yiuf
  1215 | D:2      | Mangled by Crazy Yiuf

Action                   |  1- 3 |  4- 6 || total
-------------------------+-------+-------++-------
Melee: Unarmed           |   107 |    30 ||   137
 Stab: Sleeping          |     1 |       ||     1
  Eat: Chunk             |       |     1 ||     1
